 Dungeon Crawl Stone Soup version 0.28.0-45-g0d030f2227 (webtiles) character file.

Game seed: 13722160866093936876

79 Ablot the Cutter (level 4, -4/41 HPs)
             Began as a Gnoll Chaos Knight on Apr 17, 2022.
             Was a Plaything of Xom.
             Slain by a meliai (glowing shapeshifter) (7 damage)
             ... on level 2 of the Dungeon.
             The game lasted 00:01:49 (1552 turns).

Ablot the Cutter (Gnoll Chaos Knight)               Turns: 1552, Time: 00:01:49

Health: -4/41      AC:  5    Str: 13    XL:     4   Next: 37%
Magic:  5/5        EV: 12    Int: 12    God:    Xom [.....*]
Gold:   22         SH:  0    Dex: 11    Spells: 5/5 levels left

rFire   . . .      SeeInvis .   a - +0 short sword (chaos)
rCold   . . .      Faith    .   (no shield)
rNeg    . . .      Spirit   .   b - +2 leather armour
rPois   .          Reflect  .   (no helmet)
rElec   .          Harm     .   (no cloak)
rCorr   .          Rampage  .   (no gloves)
Will    .....                   (no boots)
Stlth   +.........              (no amulet)
HPRegen 0.13/turn               (no ring)
MPRegen 0.09/turn               (no ring)

@: lethally poisoned (-4 -> -26)
A: fangs 1, strong nose, distributed training
a: Renounce Religion


You were on level 2 of the Dungeon.
You worshipped Xom.
You were Xom's teddy bear.
You visited 1 branch of the dungeon, and saw 2 of its levels.

You collected 22 gold pieces.

Inventory:

Hand Weapons
 a - a +0 short sword of chaos (weapon)
 m - a +4 dagger of venom
Missiles
 d - 5 poisoned darts (quivered)
 g - 5 stones
 j - 11 arrows
Armour
 b - a +2 leather armour (worn)
Scrolls
 e - 2 scrolls of magic mapping {unknown}
 h - a scroll of vulnerability {unknown}
 i - a scroll of identify {unknown}
 k - a scroll of noise {unknown}
 l - a scroll of enchant armour {unknown}
Potions
 f - a potion of brilliance {unknown}


   Skills:
 + Level 6.6 Fighting
 + Level 6.6 Short Blades
 + Level 1.1 Long Blades
 + Level 1.1 Axes
 + Level 1.1 Maces & Flails
 + Level 1.1 Polearms
 + Level 1.1 Staves
 + Level 1.1 Slings
 + Level 1.1 Bows
 + Level 1.1 Crossbows
 + Level 1.1 Throwing
 + Level 4.6 Armour
 + Level 2.7 Dodging
 + Level 1.1 Stealth
 + Level 1.1 Shields
 + Level 1.1 Unarmed Combat
 + Level 1.1 Spellcasting
 + Level 0.8 Conjurations
 + Level 0.8 Hexes
 + Level 0.8 Summonings
 + Level 0.8 Necromancy
 + Level 0.8 Translocations
 + Level 0.8 Transmutations
 + Level 0.8 Fire Magic
 + Level 0.8 Ice Magic
 + Level 0.8 Air Magic
 + Level 0.8 Earth Magic
 + Level 0.8 Poison Magic
 + Level 1.2 Invocations
 + Level 1.1 Evocations


You had 5 spell levels left.
You didn't know any spells.
Your spell library contained the following spells:

 Spells                   Type           Power      Damage    Failure   Level
 Ensorcelled Hibernation  Hex/Ice        4%         N/A       36%         2
 Frozen Ramparts          Ice            4%         1d2       61%         3
 Ignite Poison            Fire/Tmut/Pois 2%         N/A       61%         3
 Mephitic Cloud           Conj/Pois/Air  2%         N/A       61%         3
 Spider Form              Tmut/Pois      2%         N/A       61%         3
 Anguish                  Hex/Necr       1%         N/A       95%         4
 Ice Form                 Ice/Tmut       2%         N/A       95%         4
 Summon Ice Beast         Ice/Summ       2%         N/A       95%         4
 Freezing Cloud           Conj/Ice/Air   1%         6-21      100%        5


Dungeon Overview and Level Annotations

Branches:
Dungeon (2/15)

Altars:

Annotations:
D:2 Natasha


Innate Abilities, Weirdness & Mutations

You have very sharp teeth.
Your uncanny sense of smell can sniff out nearby items.
Your experience applies equally to all skills.


Message History

You hit the guardian serpent.
The guardian serpent is lightly wounded.
The guardian serpent barely misses you.
You hit the guardian serpent.
Space warps around the guardian serpent.
The guardian serpent is moderately wounded.
The guardian serpent hits you!
You hit the guardian serpent but do no damage.
The guardian serpent is moderately wounded.
The guardian serpent changes into a meliai!
You hit the meliai.
The meliai is moderately wounded.
The meliai hits you but does no damage. The meliai stings you!
You closely miss the meliai. Your bite misses the meliai.
The meliai is moderately wounded.
The meliai hits you but does no damage. The meliai stings you!
* * * LOW HITPOINT WARNING * * *
The meliai hits you.
* * * LOW HITPOINT WARNING * * *
The meliai stings you but does no damage.
It was a potion of curing.
You feel better. The meliai hits you but does no damage.
The meliai misses you. x2
The meliai barely misses you.
Natasha mumbles some strange words.
Unknown command.
You hit the meliai but do no damage.
The meliai is lightly wounded.
The meliai barely misses you. The meliai misses you.
You hit the meliai. You freeze the meliai. Your bite misses the meliai.
The meliai is heavily wounded.
The meliai hits you.
* * * LOW HITPOINT WARNING * * *
The meliai stings you.
* * * LOW HITPOINT WARNING * * *
You are lethally poisoned!
The meliai poisons you! The meliai hits you.
* * * LOW HITPOINT WARNING * * *
The meliai stings you!
You die...
Xom titters!

..#.####........#............#...
..#.# #........#.......###......
..#.####...#....#.........#......
...............................>.
......######....#######...#...##
##....# #....................#..
##....####....................#..
..........................†...#..
#........#...#..@.............#..
'.............#y###........#.##..
#.............#5.###########.##..
#.............#..# ###.##..
#.............#.S# #.......
#.............#..# #.......
#........######..# #.......
#......... #..# ###'##..
#........ #..# #.##..


You could see a meliai shaped shifter and a crimson imp (summoned).

Vanquished Creatures
  Jessica (D:2)
  An adder (D:2)
  A worm (D:2)
  2 dart slugs (D:2)
  3 ball pythons (D:1)
  2 bats (D:1)
  5 endoplasms
  3 giant cockroaches
  3 hobgoblins
  2 kobolds (D:1)
  3 quokkas (D:2)
  4 frilled lizards
  2 goblins
  3 rats (D:1)
35 creatures vanquished.

Vanquished Creatures (others)
  A plant (D:1)
1 creature vanquished.

Grand Total: 36 creatures vanquished

Notes
Turn   | Place    | Note
-------+----------+-------------------------------------------
     0 | D:1      | Ablot the Gnoll Chaos Knight began the quest for the Orb.
     0 | D:1      | Reached XP level 1. HP: 23/23 MP: 1/1
   166 | D:1      | Reached XP level 2. HP: 29/29 MP: 2/2
   222 | D:1      | Found a faded altar of an unknown god.
   568 | D:1      | XOM: cloud trail
   908 | D:2      | Reached XP level 3. HP: 33/35 MP: 3/3
   925 | D:2      | XOM: silly message
  1275 | D:2      | Reached skill level 1 in Invocations
  1347 | D:2      | Noticed Jessica
  1352 | D:2      | Killed Jessica
  1353 | D:2      | Reached skill level 1 in Long Blades
  1353 | D:2      | Reached skill level 1 in Axes
  1353 | D:2      | Reached skill level 1 in Maces & Flails
  1353 | D:2      | Reached skill level 1 in Polearms
  1353 | D:2      | Reached skill level 1 in Staves
  1353 | D:2      | Reached skill level 1 in Slings
  1353 | D:2      | Reached skill level 1 in Bows
  1353 | D:2      | Reached skill level 1 in Crossbows
  1353 | D:2      | Reached skill level 1 in Throwing
  1353 | D:2      | Reached skill level 1 in Stealth
  1353 | D:2      | Reached skill level 1 in Shields
  1353 | D:2      | Reached skill level 1 in Unarmed Combat
  1353 | D:2      | Reached skill level 1 in Spellcasting
  1353 | D:2      | Reached skill level 1 in Evocations
  1353 | D:2      | Reached XP level 4. HP: 34/41 MP: 5/5
  1460 | D:2      | XOM: noise
  1525 | D:2      | Noticed Natasha
  1526 | D:2      | Noticed a glowing shapeshifter
  1526 | D:2      | a kobold changed into a glowing shapeshifter
  1526 | D:2      | Noticed a shining eye
  1526 | D:2      | a glowing shapeshifter changed into a shining eye
  1528 | D:2      | Noticed a mana viper
  1528 | D:2      | a shining eye changed into a mana viper
  1530 | D:2      | Noticed a cyclops
  1530 | D:2      | a mana viper changed into a cyclops
  1535 | D:2      | Noticed a guardian serpent
  1535 | D:2      | a cyclops changed into a guardian serpent
  1547 | D:2      | Noticed a meliai
  1547 | D:2      | a guardian serpent changed into a meliai
  1552 | D:2      | Slain by a meliai (glowing shapeshifter)

Illustrated notes

Levels and vault maps discovered:
D:1:      mainiacjoe_arrival_reflecting_pool, layout_basic,
          shapermc_ecumenical_altar_mp_ritualfount, nicolae_figureground_pulse
D:2:      minmay_wonky_spiral, layout_basic, minmay_octomino_c4, uniq_jessica,
          uniq_natasha

Skill      XL: |  1  2  3 |
---------------+----------+-----
Invocations    | 1 |  1.2
Long Blades    | 1 |  1.1
Axes           | 1 |  1.1
Maces & Flails | 1 |  1.1
Polearms       | 1 |  1.1
Staves         | 1 |  1.1
Slings         | 1 |  1.1
Bows           | 1 |  1.1
Crossbows      | 1 |  1.1
Throwing       | 1 |  1.1
Stealth        | 1 |  1.1
Shields        | 1 |  1.1
Unarmed Combat | 1 |  1.1
Spellcasting   | 1 |  1.1
Evocations     | 1 |  1.1
Fighting       | |  6.6
Short Blades   | |  6.6
Armour         | |  4.6
Dodging        | |  2.7
Conjurations   | |  0.8
Hexes          | |  0.8
Summonings     | |  0.8
Necromancy     | |  0.8
Translocations | |  0.8
Transmutations | |  0.8
Fire Magic     | |  0.8
Ice Magic      | |  0.8
Air Magic      | |  0.8
Earth Magic    | |  0.8
Poison Magic   | |  0.8

Action                   |  1- 3 |  4- 6 || total
-------------------------+-------+-------++-------
Melee: Short sword       |    93 |    23 ||   116
       Bite              |     8 |     2 ||    10
       Punch             |     1 |       ||     1
  Use: Potion            |       |     1 ||     1
 Stab: Paralysed         |     1 |       ||     1
Armor: Leather armour    |    21 |    10 ||    31
Dodge: Dodged            |    37 |    15 ||    52
